 Dungeon Crawl Stone Soup version 0.28-a0-1212-gc6b4282bc0 (webtiles) character file.

Game seed: 7295185322696287932

26 ChaosChampion the Ruffian (level 2, 0/23 HPs)
             Began as a Draconian Transmuter on Dec 21, 2021.
             Slain by Sigmund (12 damage)
             ... on level 2 of the Dungeon.
             The game lasted 00:00:39 (602 turns).

ChaosChampion the Ruffian (Draconian Transmuter)     Turns: 602, Time: 00:00:40

Health: 0/23       AC:  4    Str: 12    XL:     2   Next: 89%
Magic:  5/5        EV: 12    Int: 13    God:
Gold:   61         SH:  0    Dex: 11    Spells: 2/5 levels left

rFire   . . .      SeeInvis .     - Unarmed
rCold   . . .      Faith    .   (no shield)
rNeg    . . .      Spirit   .   (armour unavailable)
rPois   .          Reflect  .   (helmet restricted)
rElec   .          Harm     .   (no cloak)
rCorr   .          Rampage  .   (no gloves)
Will    .....                   (no boots)
Stlth   +.........              (no amulet)
HPRegen 0.07/turn               (no ring)
MPRegen 0.09/turn               (no ring)

@: no status effects
A: AC +4, unfitting armour, cold-blooded
a: no special abilities


You were on level 2 of the Dungeon.
You visited 1 branch of the dungeon, and saw 2 of its levels.

You collected 61 gold pieces.

Inventory:

Scrolls
 a - a scroll of enchant armour {unknown}


   Skills:
 - Level 1.1 Fighting
 - Level 1.7 Dodging
 * Level 4.1 Unarmed Combat
 - Level 2.0 Spellcasting
 - Level 2.0 Transmutations


You had 2 spell levels left.
You knew the following spells:

 Your Spells              Type           Power      Damage    Failure   Level
a - Beastly Appendage     Tmut           12%        N/A       11%         1
b - Wereblood             Tmut           6%         N/A       17%         2

Your spell library contained the following spells:

 Spells                   Type           Power      Damage    Failure   Level
 Spider Form              Tmut/Pois      3%         N/A       45%         3
 Ice Form                 Ice/Tmut       3%         N/A       86%         4


Dungeon Overview and Level Annotations

Branches:
Dungeon (1/15)

Altars:

Annotations:
D:2 Sigmund


Innate Abilities, Weirdness & Mutations

Your plain brown scales are hard. (AC +4)
You cannot fit into any form of body armour.
You are cold-blooded and may be slowed by cold attacks.


Message History

The frilled lizard barely misses you.
You barely miss the frilled lizard. Your kick misses the frilled lizard.
You headbutt the frilled lizard.
You kill the frilled lizard!
No target in view!
No target in view!
No target in view!
No target in view!
Your transformation is almost over.
You howl as the wereblood boils in your veins!
You howl as the wereblood boils in your veins!
Your horns disappear.
Your talons disappear.
Your primal bloodlust is almost over.
Your primal bloodlust has ended.
Found a stone staircase leading down.
Found a ring mail.
You now have 61 gold pieces (gained 12).
Sigmund the Dreaded comes into view.
He is wielding a +0 scythe and carrying a wand of flame (24).
Found an escape hatch in the ceiling.
Sigmund shouts!
Sigmund hits you but does no damage.
Found a stone staircase leading up.
You hit Sigmund. You tail-slap Sigmund.
Sigmund is moderately wounded.
Sigmund completely misses you.
You punch Sigmund!
Sigmund is heavily wounded.
Sigmund completely misses you.
You hit Sigmund.
Your tail-slap misses Sigmund.
Sigmund is severely wounded.
You barely miss Sigmund.
Sigmund is severely wounded.
Sigmund hits you with a +0 scythe!
You hit Sigmund.
Your tail-slap misses Sigmund.
Sigmund is almost dead.
You hit Sigmund.
Sigmund is almost dead.
Sigmund hits you with a +0 scythe!
Ouch! That really hurt!
You die...

#######..........##....#
#######.##.####........#
.....[..##.#...........†
######.......###.......)
####...............
##.......#......
#......<(.......
#####...##..###....#
#.@@..####.####.[...
......#....# #......
#.............< .....#.
##.####....#### .......
# ....... ......#
##....<.. ...##...
#........ ...#>..#
#........ .......#
........


You could see Sigmund.

Vanquished Creatures
  An adder (D:2)
  2 ball pythons
  2 endoplasms
  A goblin (D:1)
  A hobgoblin (D:1)
  2 jackals (D:1)
  2 quokkas (D:2)
  A bat (D:2)
  A frilled lizard (D:2)
  2 kobolds
  A rat (D:1)
16 creatures vanquished.

Vanquished Creatures (others)
  A fungus (D:2)
1 creature vanquished.

Grand Total: 17 creatures vanquished

Notes
Turn   | Place    | Note
-------+----------+-------------------------------------------
     0 | D:1      | ChaosChampion the Draconian Transmuter began the quest for
                  | the Orb.
     0 | D:1      | Reached XP level 1. HP: 16/16 MP: 3/3
   366 | D:1      | Reached XP level 2. HP: 21/23 MP: 5/5
   371 | D:1      | Learned a level 2 spell: Wereblood
   397 | D:1      | You fall into a shaft and drop 1 floor!
   436 | D:2      | Reached skill level 4 in Unarmed Combat
   594 | D:2      | Noticed Sigmund
   602 | D:2      | Slain by Sigmund

Illustrated notes

Levels and vault maps discovered:
D:1:      dpeg_arrival_concentric_ovals, layout_basic, minmay_fountain_box,
          minmay_worlds_worst_comb
D:2:      layout_rooms, shapermc_ecumenical_altar_acropolis, uniq_sigmund

Skill      XL: |  1  2 |
---------------+-------+-----
Unarmed Combat | 4 |  4.1
Fighting       | |  1.1
Dodging        | |  1.7
Spellcasting   | |  2.0
Transmutations | |  2.0

Action                   || total
-------------------------++-------
Melee: Unarmed           ||    48
       Tailslap          ||     7
       Punch             ||     3
       Kick              ||     3
       Headbutt          ||     2
 Cast: Beastly Appendage ||     5
       Wereblood         ||     3
Armor: Skin              ||    17
Dodge: Dodged            ||    31

Table legend: (Time is in decaauts)
 A = Elapsed time spent in this place.
 B = Non-inter-level travel time spent in this place.
 C = Inter-level travel time spent in this place.
 D = Time resting spent in this place.
 E = Time spent auto-exploring this place.
 F = Levels seen in this place.
 G = Mean time per level.
                   A        B        C        D        E       F      G
               +--------+--------+--------+--------+--------+-----+--------+
         Total |    598 |    598 |      0 |      0 |    480 |   2 |  299.0 |
       Dungeon |    598 |    598 |      0 |      0 |    480 |   2 |  299.0 |
               +--------+--------+--------+--------+--------+-----+--------+

Top non-repeatable levels by time:
     D:1: 396 daAuts
     D:2: 202 daAuts
